 Dungeon Crawl Stone Soup version 0.24-a0-736-g4e6fe308c7 (webtiles) character file.

Game seed: 11828086772524124141, levelgen mode: deterministic

11 Kiporshnikov the Grave Robber (level 2, 0/22 HPs)
             Began as a Deep Dwarf Necromancer on Oct 2, 2019.
             Slain by a kobold
             ... wielding a +0 short sword
              (2 damage)
             ... on level 1 of the Dungeon.
             The game lasted 00:04:53 (737 turns).

Kiporshnikov the Grave Robber (DDNe)                 Turns: 737, Time: 00:04:54

Health: 0/22       AC:  2    Str: 11    XL:     2   Next: 13%
Magic:  4/4        EV: 12    Int: 17    God:
Gold:   32         SH:  0    Dex: 13    Spells: 3/4 levels left

rFire    . . .     SeeInvis .   f - +0 mace
rCold    . . .     Gourm    .   (no shield)
rNeg     . . .     Faith    .   a - +0 robe
rPois    .         Spirit   .   (no helmet)
rElec    .         Reflect  .   (no cloak)
rCorr    .         Harm     .   (no gloves)
MR       .....                  (no boots)
Stlth    ++........             (no amulet)
HPRegen  0.00/turn              (no ring)
MPRegen  0.09/turn              (no ring)

@: non-regenerating
A: damage resistance, heal wounds, hooves 1, clever 1, sense surroundings 1,
subdued magic 1, MP-powered wands, no regeneration
a: Heal Wounds


You were on level 1 of the Dungeon.
You were not hungry.

You visited 1 branch of the dungeon, and saw 2 of its levels.

You collected 32 gold pieces.

Inventory:

Hand Weapons
 f - a +0 mace (weapon)
Missiles
 b - 6 poisoned darts (quivered)
 d - 23 stones
Armour
 a - a +0 robe (worn)
 h - a +0 pair of boots
Scrolls
 g - 2 scrolls of enchant weapon {unknown}
 i - a scroll of teleportation {unknown}
 j - a scroll of blinking {unknown}
Comestibles
 c - a ration


   Skills:
 + Level 0.7 Throwing
 + Level 2.3 Dodging
 + Level 2.4 Stealth
 + Level 1.9 Spellcasting
 + Level 4.6 Necromancy


You had 3 spell levels left.
You knew the following spells:

 Your Spells              Type           Power        Failure   Level  Hunger
a - Pain                  Necr           ##..         2%          1    #......

Your spell library contained the following spells:

 Spells                   Type           Power        Failure   Level  Hunger
 Animate Skeleton         Necr           N/A          2%          1    #......
 Vampiric Draining        Necr           ##........   7%          3    ###....
 Animate Dead             Necr           N/A          24%         4    #####..
 Regeneration             Chrm/Necr      Unusable     N/A         3    N/A

Dungeon Overview and Level Annotations

Branches:
Dungeon (2/15)

Altars:


Innate Abilities, Weirdness & Mutations

You are resistant to damage.
You can heal yourself by infusing magical energy.
You passively map a small area around you.
You do not regenerate.
You have large cloven feet.
Your mind is acute. (Int +2)
Your spells are a little easier to cast, but a little less powerful.
You expend magic power (3 MP) to strengthen your wands.


Message History

You throw a poisoned dart. The poisoned dart hits the adder.
The adder barely misses you. The kobold completely misses you.
Throwing (i - inventory. (/) - cycle)
b - 7 poisoned darts (quivered)
Press: ? - help, Shift-Dir - straight line, f/p - adder
Aim: an adder You throw a poisoned dart.
The poisoned dart closely misses the adder.
The adder closely misses you.
The kobold hits you with a +0 short sword.
* * * LOW HITPOINT WARNING * * *
You barely miss the kobold. The adder closely misses you.
The kobold hits you with a +0 short sword.
* * * LOW HITPOINT WARNING * * *
The adder completely misses you.
As you read the scroll labeled JUEZY JAAC, it crumbles to dust.
You feel blessed for a moment.
It was a scroll of remove curse.
The adder bites you.
* * * LOW HITPOINT WARNING * * *
The kobold hits you with a +0 short sword.
You die...

############ ##..........##
##............##
#####..............#
#...#....).........######
#.#.#........@K.....(...######
####.#..........S.....####.......
#.##.###.........................
#....# ##.................####...
#.#..# #...........#.....# #...
#.#..####.#..##..#####....####...
#.##......##.###.# #.####.#.###
#.##......##..##(# #.# #.#.## #
..##.#....###.##.#####.# ##.#.# #


You could see an adder and a kobold.

Vanquished Creatures
  A leopard gecko (D:1)
  A giant cockroach (D:1)
  A goblin (D:1)
  2 hobgoblins (D:1)
  A kobold (D:1)
  A bat (D:1)
  2 rats (D:1)
9 creatures vanquished.

Notes
Turn   | Place    | Note
-------+----------+-------------------------------------------
     0 | D:1      | Kiporshnikov the Deep Dwarf Necromancer began the quest for
                  | the Orb.
     0 | D:1      | Reached XP level 1. HP: 15/15 MP: 3/3
   425 | D:1      | Reached XP level 2. HP: 10/22 MP: 4/4
   474 | D:1      | Gained mutation: Your spells are a little easier to cast,
                  | but a little less powerful. [potion of mutation]
   474 | D:1      | Gained mutation: You have large cloven feet. [potion of
                  | mutation]
   474 | D:1      | Gained mutation: You expend magic power (3 MP) to
                  | strengthen your wands. [potion of mutation]
   474 | D:1      | Gained mutation: Your mind is acute. (Int +2) [potion of
                  | mutation]
   737 | D:1      | Slain by a kobold

Levels and vault maps discovered:
D:1:      lightli_arrival_maybe_door_vault, layout_rooms,
          minmay_misc_feat_alley, minivault_24
D:2:      layout_basic, minitemple, serial_curves, eino_curves_01,
          eino_curves_04

Action                   || total
-------------------------++-------
Melee: Unarmed           ||    18
       Mace              ||     4
Throw: Dart              ||    20
  Use: Scroll            ||     2
       Potion            ||     2
Armor: Robe              ||    16
Dodge: Dodged            ||    37

Table legend:
 A = Non-vault XP
 B = Vault XP
 C = Vault XP percentage of total XP
 D = Non-vault monster count
 E = Vault monster count
 F = Vault count percentage of total count
                 A         B        C        D         E       F
            +---------+---------+-------+---------+---------+-------
      Total |      16 |       0 |   0.0 |       9 |       0 |   0.0
            +---------+---------+-------+---------+---------+-------
        D:1 |      16 |       0 |   0.0 |       9 |       0 |   0.0
            +---------+---------+-------+---------+---------+-------
